 Dungeon Crawl Stone Soup version 0.18.1-48-g4cf74bf (webtiles) character file.

374 Gargoyl the Covered (level 6, 0/48 HPs)
             Began as a Demonspawn Abyssal Knight on Sept 8, 2016.
             Was a Priest of Lugonu.
             Slain by Gargoyl's ghost (3 damage)
             ... on level 5 of the Dungeon.
             The game lasted 00:09:11 (4917 turns).

Gargoyl the Covered (Demonspawn Abyssal Knight)     Turns: 4917, Time: 00:09:11

Health: 0/48       AC: 12    Str: 14    XL:     6   Next: 43%
Magic:  8/8        EV:  2    Int: 13    God:    Lugonu [***...]
Gold:   252        SH: 12    Dex: 15    Spells: 0 memorised, 5 levels left

rFire  + . .     SeeInvis +     a - +1 hand axe
rCold  + . .     Gourm    .     d - -1 chain mail (curse)
rNeg   . . .     Faith    .     r - +0 large shield
rPois  .         Spirit   .     (no helmet)
rElec  .         Dismiss  .     v - +1 cloak
rCorr  .         Reflect  .     k - +0 pair of gloves
SustAt .         Harm     .     l - +0 pair of boots
MR     .....                    (no amulet)
Stlth  ..........               t - ring of protection from fire
                                x - ring of see invisible

@: not resistant to hostile enchantments, extremely unstealthy
A: talons 1, thin skeletal structure 1, cold resistance 1, nightstalker 1
a: Depart the Abyss, Bend Space, Banish, Renounce Religion


You were on level 5 of the Dungeon.
You worshipped Lugonu.
Lugonu was most pleased with you.
You were hungry.

You visited 1 branch of the dungeon, and saw 5 of its levels.
You visited the Abyss 1 time.

You collected 252 gold pieces.

Inventory:

Hand Weapons
 a - a +1 hand axe (weapon)
 q - a +0 spear
Armour
 b - a +0 scale mail
 d - a cursed -1 chain mail (worn)
 k - a +0 pair of gloves (worn)
 l - a +0 pair of boots (worn)
 r - a +0 large shield (worn)
 v - a +1 cloak (worn)
Jewellery
 n - an uncursed ring of magical power
 s - an uncursed ring of magical power
 t - a ring of protection from fire (right hand)
 x - a ring of see invisible (left hand)
Scrolls
 f - a scroll of teleportation
 w - a scroll of fog
 y - a scroll of identify
Potions
 e - 2 potions of cure mutation
 g - 3 potions of curing
 h - a potion of brilliance
 j - a potion of might
 m - a potion of haste
 p - a potion of magic {unknown}
 u - 3 potions of lignification {unknown}
 A - a potion of degeneration {unknown}
Books
 z - a book of Envenomations

   Spells                             Type                      Level
   a - Spider Form                    Transmutation/Poison         3
   b - Olgreb's Toxic Radiance        Poison                       4
   c - Alistair's Intoxication        Transmutation/Poison         5
   d - Poisonous Cloud                Conjuration/Poison/Air       6
Comestibles
 c - 5 bread rations
 i - 3 meat rations
 o - 2 beef jerkies


   Skills:
 + Level 3.8 Fighting
 + Level 2.4 Axes
 * Level 4.0 Armour
 + Level 2.6 Dodging
 + Level 0.8 Stealth
 + Level 2.2 Shields
 + Level 2.7 Invocations


You had 5 spell levels left.
You didn't know any spells.

Dungeon Overview and Level Annotations

Branches:
Dungeon (5/15)
 Temple: D:4-7

Altars:
Qazlal

Annotations:
D:5 Gargoyl's ghost, novice DsAK


Innate Abilities, Weirdness & Mutations

You have sharp toenails.
You have a somewhat thin skeletal structure (Dex +2, Stealth).
Your flesh is cold resistant.
You are slightly more attuned to the shadows.


Message History

Gargoyl's ghost hits you.
You are electrocuted!
You hit Gargoyl's ghost but do no damage.
Gargoyl's ghost barely misses you. You block Gargoyl's ghost's attack.
You closely miss Gargoyl's ghost. You hit the centaur zombie.
The centaur zombie hits you but does no damage.
Gargoyl's ghost hits you but does no damage.
You hit Gargoyl's ghost but do no damage.
You hit the centaur zombie. The centaur zombie hits you.
Gargoyl's ghost hits you.
You are electrocuted!
* * * LOW HITPOINT WARNING * * *
You block the centaur zombie's attack.
You hit Gargoyl's ghost but do no damage.
You hit the centaur zombie. The centaur zombie hits you.
* * * LOW HITPOINT WARNING * * *
You block Gargoyl's ghost's attack.
The centaur zombie hits you but does no damage.
Unknown command.
Your shield and chain mail prevent you from hitting Gargoyl's ghost.
You hit the centaur zombie. Gargoyl's ghost hits you.
You die...

##
.#################
.##..............#
.##.############.#
.##.# ##.######
.##.# #........
....# #..#####.
.#### #>@# .# #ZW#
.. ..... .##
###..## .# #..# .#
#..# #..#


You could see Gargoyl's ghost and a centaur zombie.

Vanquished Creatures
  2 howler monkeys (D:4)
  An iguana (D:4)
  Ijyb (D:4)
  2 orc wizards (D:4)
  3 gnolls (D:3)
  6 adders
  An ooze (D:1)
  An adder skeleton (D:4)
  2 worms
  3 giant geckos
  10 orcs (D:4)
  8 giant cockroaches
  9 hobgoblins
  3 quokkas
  A ball python (D:4)
  5 bats
  3 giant newts
  12 goblins
  A jackal skeleton (D:4)
  11 kobolds
  5 rats
90 creatures vanquished.

Notes
Turn   | Place    | Note
--------------------------------------------------------------
     0 | Abyss:1  | Gargoyl the Demonspawn Abyssal Knight began the quest for the Orb.
     0 | Abyss:1  | Reached XP level 1. HP: 18/18 MP: 2/2
   174 | Abyss:1  | Noticed a neqoxec
   181 | D:1      | Escaped the Abyss
   187 | D:1      | Reached skill level 1 in Dodging
   464 | D:1      | Gained mutation: You have sharp toenails. [demonic ancestry]
   464 | D:1      | Reached XP level 2. HP: 14/24 MP: 3/3
   465 | D:1      | Reached skill level 2 in Armour
   591 | D:1      | Reached * piety under Lugonu
  1512 | D:2      | Gained mutation: You have a somewhat thin skeletal structure (Dex +2, Stealth). [demonic ancestry]
  1512 | D:2      | Reached XP level 3. HP: 29/29 MP: 4/4
  2251 | D:3      | Gained mutation: Your flesh is cold resistant. [demonic ancestry]
  2251 | D:3      | Reached XP level 4. HP: 22/35 MP: 6/6
  2251 | D:3      | Reached ** piety under Lugonu
  2565 | D:3      | Reached skill level 3 in Armour
  3138 | D:3      | Noticed an earth elemental
  3140 | D:3      | Found a stormy altar of Qazlal.
  3142 | D:3      | Noticed an air elemental
  3142 | D:3      | Noticed a fire elemental
  3142 | D:3      | Noticed a water elemental
  3552 | D:4      | Reached skill level 1 in Shields
  3552 | D:4      | Gained mutation: You are slightly more attuned to the shadows. [demonic ancestry]
  3552 | D:4      | Reached XP level 5. HP: 28/41 MP: 7/7
  3792 | D:4      | Reached XP level 6. HP: 15/48 MP: 8/8
  4173 | D:4      | Noticed Ijyb
  4182 | D:4      | Reached *** piety under Lugonu
  4203 | D:4      | Killed Ijyb
  4675 | D:5      | Entered Level 5 of the Dungeon
  4717 | D:4      | Reached skill level 4 in Armour
  4910 | D:5      | Noticed Gargoyl's ghost (novice DsAK)
  4917 | D:5      | Slain by Gargoyl's ghost

Skill      XL: |  1  2  3  4  5  6 |
---------------+-------------------+-----
Dodging        | 1 2 |  2.6
Armour         | 2 3 4 |  4.0
Axes           | 2 |  2.4
Shields        | 1 2 |  2.2
Fighting       | |  3.8
Stealth        | |  0.8
Invocations    | |  2.7

Action                   |  1- 3 |  4- 6 || total
-------------------------+-------+-------++-------
Melee: Hand axe          |   149 |   231 ||   380
       Kick              |    14 |       ||    14
Invok: Depart the Abyss  |     1 |       ||     1
  Use: Scroll            |    10 |     5 ||    15
       Potion            |       |     6 ||     6
 Stab: Sleeping          |       |     2 ||     2
  Eat: Chunk             |     4 |     9 ||    13
Armor: Ring mail         |    68 |   100 ||   168
       Chain mail        |       |     3 ||     3
       Scale mail        |       |     2 ||     2
Dodge: Dodged            |    98 |    80 ||   178
Block: Large shield      |       |   163 ||   163
